 Dungeon Crawl Stone Soup version 0.31-a0-963-ga325b2283a (webtiles) character file.

Game seed: 3256110331783556769

2900 Azuregosa the Skirmisher (level 9, -5/41 HPs)
             Began as a Spriggan Hunter on Oct 25, 2023.
             Shot with a sling bullet by Joseph (12 damage)
             ... on level 7 of the Dungeon.
             The game lasted 00:26:00 (6498 turns).

Azuregosa the Skirmisher (Spriggan Hunter)          Turns: 6498, Time: 00:26:00

Health: -5/41      AC:  2    Str:  7    XL:     9   Next: 49%
Magic:  10/10      EV: 23    Int: 11    God:
Gold:   349        SH:  0    Dex: 22    Spells: 8/8 levels left

rFire   . . .        A - +1 sling (heavy)
rCold   . . .        (no shield)
rNeg    . . .        c - +0 robe
rPois   .            (helmet restricted)
rElec   .            (no cloak)
rCorr   .            (gloves unavailable)
SInv    +            (boots unavailable)
Will    +....        (no amulet)
Stlth   ++           I - +5 ring of evasion
HPRegen 0.26/turn    (no ring)
MPRegen 0.12/turn

%: no passive effects
@: very quick
A: very small, no large weapons, unfitting armour, see invisible, speed 3
a: no special abilities


You were on level 7 of the Dungeon.
You visited 2 branches of the dungeon, and saw 8 of its levels.

You collected 349 gold pieces.

Inventory:

Hand Weapons
 a - a +0 shortbow
 k - a +1 trident of protection
 z - a +2 dagger of protection
 A - a +1 heavy sling (weapon)
 C - a +1 whip of electrocution
 G - a +2 hand axe of electrocution
Missiles
 e - 3 throwing nets
 g - 8 poisoned darts
Armour
 c - a +0 robe (worn)
Jewellery
 I - a +5 ring of evasion (left hand)
Talismans
 m - a beast talisman
 D - a serpent talisman
Wands
 t - a wand of mindburst (11)
 u - a wand of flame (17)
 E - a wand of digging (5)
 H - a wand of paralysis (10)
Scrolls
 b - 2 scrolls of butterflies
 d - 2 scrolls of identify
 f - 4 scrolls of enchant armour {unknown}
 i - 2 scrolls of torment {unknown}
 o - a scroll of revelation
 q - a scroll of vulnerability
 r - 2 scrolls of teleportation {unknown}
 s - 2 scrolls of poison {unknown}
 v - 2 scrolls of noise
 y - a scroll of enchant weapon
 B - a scroll of blinking
Potions
 h - a potion of might
 l - 3 potions of attraction {unknown}
 n - a potion of magic
 p - 2 potions of berserk rage {unknown}
 F - 4 potions of curing {unknown}


   Skills:
 - Level 1.5 Fighting
 + Level 13.6 Ranged Weapons
 - Level 2.6 Dodging
 - Level 1.5 Stealth


You had 8 spell levels left.
You didn't know any spells.
Your spell library was empty.

Dungeon Overview and Level Annotations

Branches:
Dungeon (7/15)             Temple (1/1) D:5

Altars:
Ashenzari
Cheibriados
Elyvilon
Fedhas
Hepliaklqana
Kikubaaqudgha
Makhleb
Nemelex Xobeh
Okawaru
Qazlal
Sif Muna
Trog
Uskayaw
Vehumet
Wu Jian
Xom
Zin
Lugonu

Shops:
D:3 (

Annotations:
D:6 Vorhees's ghost, novice DEFE
D:7 Joseph


Innate Abilities, Weirdness & Mutations

You are very small and have problems with some larger weapons.
You are too small for most types of armour.
You have supernaturally acute eyesight. (SInv)
You cover ground extremely quickly. (Speed+++)


Message History

Aim: a sleepcap (moderately damaged, 98% to hit)
You shoot a sling bullet. The sling bullet hits the sleepcap!
The sleepcap is severely damaged.
Fire: A) +1 sling (heavy)
Press: ? - help, Q - select action, (/) - cycle Shift-Dir - straight line, f/p - sleepcap
Aim: a sleepcap (severely damaged, 98% to hit)
You shoot a sling bullet. The sling bullet hits the sleepcap!
You destroy the sleepcap!
Joseph, a Mercenary comes into view.
He is wielding a +0 quarterstaff.
Found 18 gold pieces.
Joseph shouts!
Fire: A) +1 sling (heavy)
Press: ? - help, Q - select action, (/) - cycle Shift-Dir - straight line, f - Joseph
Aim: Joseph, wielding a +0 quarterstaff, wearing a +0 leather armour and quivering stones (68% to hit)
You shoot a sling bullet. The sling bullet hits Joseph.
Joseph is lightly wounded.
Joseph unwields a +0 quarterstaff.
Joseph wields a +0 sling.
Joseph shoots a sling bullet.
The sling bullet hits you!
Fire: A) +1 sling (heavy)
Press: ? - help, Q - select action, (/) - cycle Shift-Dir - straight line, f/p - Joseph
Aim: Joseph, wielding a +0 sling, wearing a +0 leather armour and quivering stones (lightly wounded, 68% to hit)
You shoot a sling bullet. The sling bullet hits Joseph!
Joseph is lightly wounded.
Joseph shoots a sling bullet.
The sling bullet completely misses you.
Fire: A) +1 sling (heavy)
Press: ? - help, Q - select action, (/) - cycle Shift-Dir - straight line, f/p - Joseph
Aim: Joseph, wielding a +0 sling, wearing a +0 leather armour and quivering stones (lightly wounded, 68% to hit)
You shoot a sling bullet. The sling bullet hits Joseph!
Joseph is moderately wounded.
Joseph shoots a sling bullet.
The sling bullet hits you!
Fire: A) +1 sling (heavy)
Press: ? - help, Q - select action, (/) - cycle Shift-Dir - straight line, f/p - Joseph
Aim: Joseph, wielding a +0 sling, wearing a +0 leather armour and quivering stones (moderately wounded, 68% to hit)
You shoot a sling bullet. The sling bullet hits Joseph.
Joseph is moderately wounded.
Joseph screams, "I'm going to kill you!
Now!"
Joseph throws a stone.
The stone hits you!
* * * LOW HITPOINT WARNING * * *
Joseph shoots a sling bullet.
The sling bullet hits you!
You die...

...................##..##
. ........#...........# .
...............>..#
..........#<......#
..#.#.....##.....## #
#......###.....# #......#
##....##
#..#....##......#
#....)....@#....#
............#...#
.#####..###### .... ...#.
...# .# @..# .# ..$. .#


You could see Joseph.

Vanquished Creatures
  Pikel (D:6)
  2 steam dragons (D:6)
  3 water moccasins
  A sky beast (D:6)
  An ogre (D:4)
  A phantom (D:6)
  A kobold brigand (D:7)
  4 scorpions
  A bullfrog (D:7)
  3 wights (D:6)
  4 howler monkeys
  2 jellies
  3 orc priests
  3 gnoll boudas
  Natasha (thrice) (D:3)
  4 iguanas
  9 orc wizards
  2 sleepcaps (D:7)
  11 gnolls
  An adder (D:6)
  2 white imps
  2 ufetubi (D:5)
  2 dart slugs
  31 orcs
  5 bats
  7 endoplasms
  2 giant cockroaches
  6 hobgoblins
  2 quokkas
  6 ball pythons
  2 frilled lizards (D:3)
  6 goblins
  13 kobolds
  2 rats (D:1)
148 creatures vanquished.

Vanquished Creatures (others)
  An endoplasm (D:3)
  A ball python (D:3)
2 creatures vanquished.

Grand Total: 150 creatures vanquished

Notes
Turn   | Place    | Note
-------+----------+-------------------------------------------
     0 | D:1      | Azuregosa the Spriggan Hunter began the quest for the Orb.
     0 | D:1      | Reached XP level 1. HP: 10/10 MP: 2/2
   227 | D:1      | Reached XP level 2. HP: 14/14 MP: 3/3
   882 | D:2      | Found a faded altar of an unknown god.
   906 | D:2      | Reached skill level 5 in Ranged Weapons
   914 | D:2      | Reached XP level 3. HP: 18/18 MP: 4/4
  1304 | D:3      | Found Woovefet's Weapon Boutique.
  1310 | D:3      | Found a stormy altar of Qazlal.
  1370 | D:3      | Found a hide-covered altar of Uskayaw.
  1655 | D:3      | Noticed Natasha
  1660 | D:3      | Killed Natasha
  1695 | D:3      | Reached XP level 4. HP: 22/22 MP: 5/5
  1966 | D:3      | Noticed Natasha
  1975 | D:3      | Killed Natasha
  2280 | D:3      | Noticed Natasha
  2285 | D:3      | Killed Natasha
  2286 | D:3      | Reached skill level 6 in Ranged Weapons
  2334 | D:4      | Noticed a scorpion
  2343 | D:4      | Killed a scorpion
  2344 | D:4      | Reached XP level 5. HP: 25/25 MP: 6/6
  2439 | D:4      | Found an ancient bone altar of Kikubaaqudgha.
  2439 | D:4      | Found a hazy altar of Hepliaklqana.
  2441 | D:4      | Found an ornate altar of the Wu Jian Council.
  2455 | D:4      | Found a white marble altar of Elyvilon.
  2635 | D:4      | Found a blossoming altar of Fedhas.
  2647 | D:4      | Noticed an ogre
  2711 | D:4      | Killed an ogre
  2712 | D:4      | Reached skill level 7 in Ranged Weapons
  2712 | D:4      | Reached XP level 6. HP: 30/30 MP: 7/7
  3177 | D:4      | Noticed a water moccasin
  3264 | D:4      | Killed a water moccasin
  3265 | D:4      | Reached skill level 8 in Ranged Weapons
  3463 | D:5      | Entered Level 5 of the Dungeon
  3507 | D:5      | Reached XP level 7. HP: 33/33 MP: 8/8
  3657 | D:5      | Reached skill level 9 in Ranged Weapons
  3851 | D:5      | Found a staircase to the Ecumenical Temple.
  3859 | Temple   | Entered the Ecumenical Temple
  4339 | D:5      | Reached skill level 10 in Ranged Weapons
  4588 | D:6      | Found a runed translucent door.
  4588 | D:6      | Found a shimmering altar of Xom.
  4588 | D:6      | Noticed Vorhees's ghost (novice DEFE)
  4588 | D:6      | Noticed a +1 quarterstaff of chaos
  4625 | D:6      | Noticed a steam dragon
  4643 | D:6      | Killed a steam dragon
  4644 | D:6      | Reached XP level 8. HP: 32/37 MP: 9/9
  4821 | D:6      | Found a broken altar of Ashenzari.
  4969 | D:6      | Reached skill level 11 in Ranged Weapons
  5539 | D:6      | Reached skill level 12 in Ranged Weapons
  5588 | D:7      | Noticed Pikel
  5610 | D:6      | Killed Pikel
  5611 | D:6      | Reached XP level 9. HP: 24/41 MP: 10/10
  6163 | D:7      | Reached skill level 13 in Ranged Weapons
  6494 | D:7      | Noticed Joseph
  6498 | D:7      | Shot with a sling bullet by Joseph

Illustrated notes

Levels and vault maps discovered:
D:1:      beargit_arrival_greenhouse, layout_loops_ring
D:2:      layout_loops_ring, chequers_ecumenical_altar_twisty
D:3:      layout_basic, nicolae_uskayaw_murder_on_the_dancefloor,
          nicolae_qazlal_eye_of_the_storm, serial_shops, shop,
          lemuel_flame_loot_1, uniq_natasha
D:4:      layout_loops_corners, mainiacjoe_overflow_small_starburst,
          nicolae_overflow_quartered_altars
D:5:      layout_layer_cave, temple_statues
D:6:      layout_basic, cheibrodos_ashenzari_chains, ebering_ghost_xom,
          minmay_stone_trees_small
D:7:      layout_cave_pools, serial_column_ruins, column_ruins_open_small,
          column_ruins_open_small_water, column_ruins_open_medium,
          column_ruins_open_small, minmay_circle_x, uniq_pikel, uniq_joseph
Temple:   corrupted_temple

Skill      XL: |  1  2  3  4  5  6  7  8  9 |
---------------+----------------------------+-----
Ranged Weapons | 5 6 7 8 10 12 13 | 13.6
Fighting       | |  1.5
Dodging        | |  2.6
Stealth        | |  1.5

Action                     |  1- 3 |  4- 6 |  7- 9 || total
---------------------------+-------+-------+-------++-------
   Fire: Shortbow          |    91 |    76 |       ||   167
         Sling             |       |    37 |   275 ||   312
    Use: Scroll            |       |       |     7 ||     7
 Armour: Robe              |     5 |    19 |    42 ||    66
  Dodge: Dodged            |    21 |    29 |    88 ||   138

Table legend: (Time is in decaauts)
 A = Elapsed time spent in this place.
 B = Non-inter-level travel time spent in this place.
 C = Inter-level travel time spent in this place.
 D = Time resting spent in this place.
 E = Time spent auto-exploring this place.
 F = Levels seen in this place.
 G = Mean time per level.
                   A        B        C        D        E       F      G
               +--------+--------+--------+--------+--------+-----+--------+
         Total |   4644 |   4585 |     59 |    741 |   2232 |   8 |  580.5 |
       Dungeon |   4633 |   4574 |     59 |    741 |   2232 |   7 |  661.9 |
        Temple |     11 |     11 |      0 |      0 |      0 |   1 |   11.0 |
               +--------+--------+--------+--------+--------+-----+--------+

Top non-repeatable levels by time:
     D:6: 1472 daAuts
     D:4: 787 daAuts
     D:3: 694 daAuts
     D:5: 553 daAuts
     D:2: 413 daAuts
     D:1: 369 daAuts
     D:7: 343 daAuts
  Temple: 11 daAuts
